Map: 2000 Atmospheres LE

Players

Seither

  • Race: Terran Terran
  • League: Grandmaster

Probe - Winner!

  • Race: Protoss Protoss

Event: DreamHack SC2 Masters 2021 Summer

VOD

Have the link to the VOD?

Description

Time

  • Played on: May 23, 2021, 6:27 a.m.
  • Length: 13:10

All games in this series

Show
View Real Time Build Order
Export as new Build Order

Seither Terran 

Build Orders:  

Get SALT Encoding   

  12  0:00  SCV  
  13  0:12  SCV  
  14  0:17  Supply Depot  
  14  0:24  SCV  
  15  0:39  SCV  
  15  0:40  Barracks  
  16  0:44  Refinery  
  16  0:51  SCV  
  17  1:03  SCV  
  18  1:15  SCV  
  19  1:28  Orbital Command, Marine  
  20  1:42  Command Center  
  20  1:51  Barracks Reactor  
  20  1:54  Supply Depot  
  20  1:57  SCV  
  21  2:10  Factory  
  21  2:12  SCV  
  22  2:26  SCV  
  22  2:27  Bunker  
  22  2:28  Marine x2  
  25  2:38  SCV  
  26  2:46  Marine x2  
  26  2:50  SCV  
  29  2:53  Refinery  
  29  2:56  Orbital Command  
  29  3:07  Starport  
  29  3:10  Widow Mine x2  
  29  3:11  SCV  
  34  3:23  SCV  
  34  3:24  SCV  
  36  3:32  Widow Mine  
  36  3:33  Widow Mine  
  40  3:35  SCV  
  40  3:36  SCV  
  40  3:38  Supply Depot  
  42  3:44  Medivac  
  42  3:47  SCV  
  42  3:48  SCV  
  46  3:55  Refinery  
  46  4:00  Marine x2, SCV x2  
  46  4:01  Factory Tech Lab  
  50  4:03  Supply Depot  
  50  4:11  Barracks  
  50  4:12  SCV x2  
  50  4:15  Starport Tech Lab  
  52  4:19  Marine x2  
  54  4:24  Siege Tank, SCV x2  
  54  4:25  Supply Depot  
  59  4:35  Supply Depot  
  59  4:37  SCV x2  
  61  4:40  Marine  
  61  4:44  Supply Depot  
  62  4:46  Engineering Bay, Raven, Marine  
  62  4:49  SCV x2  
  67  4:58  Siege Tank, Marine  
  71  5:01  SCV x2  
  71  5:04  Marine  
  72  5:20  SCV x2  
  72  5:21  Command Center  
  72  5:26  Terran Infantry Weapons Level 1  
  68  5:32  SCV x2  
  70  5:35  Stimpack  
  70  5:36  Siege Tank, Marauder  
  70  5:42  Barracks  
  73  5:43  Refinery  
  73  5:44  SCV x2  
  73  5:47  Marine x2  
  73  5:49  Starport Reactor  
  77  5:53  Supply Depot  
  77  5:56  SCV x2  
  79  5:59  Marauder  
  81  6:06  Barracks  
  81  6:07  Barracks, Marine  
  81  6:08  Marine, SCV x2  
  85  6:20  SCV x2  
  85  6:23  Factory Tech Lab  
  85  6:24  Supply Depot  
  89  6:25  Marauder, Marine  
  89  6:26  Marine  
  89  6:27  Medivac  
  89  6:32  Supply Depot  
  93  6:33  Medivac  
  93  6:34  Orbital Command  
  93  6:38  Combat Shield, SCV x2  
  93  6:39  Marauder  
  99  6:43  Siege Tank  
  102  6:52  Marauder, Marine x2  
  102  6:53  SCV x2  
  106  7:04  Orbital Command  
  105  7:09  Barracks Tech Lab, Marauder, Barracks Reactor  
  105  7:10  Marine  
  105  7:12  SCV x2  
  105  7:13  Marauder  
  112  7:19  Marine  
  112  7:20  Siege Tank  
  115  7:24  SCV x2  
  115  7:26  Supply Depot  
  115  7:29  Viking x2  
  121  7:31  Marauder  
  121  7:32  Refinery  
  121  7:35  Refinery, Marauder  
  125  7:41  Concussive Shells  
  125  7:44  Supply Depot  
  125  7:45  Marine x2  
  125  7:46  Marauder  
  125  7:50  Marine x2  
  131  7:51  Supply Depot  
  131  7:52  Marauder  
  131  7:56  Marauder  
  135  8:02  Siege Tank, Viking  
  140  8:06  Viking  
  140  8:08  Supply Depot  
  140  8:09  Supply Depot, Marine  
  140  8:10  Marauder, Marine  
  146  8:14  Marauder  
  146  8:16  Refinery  
  146  8:18  Marauder  
  150  8:22  Marine x2  
  150  8:25  Supply Depot, SCV x2  
  150  8:26  SCV  
  155  8:31  Marauder  
  155  8:33  Viking  
  159  8:35  Marauder  
  159  8:36  Viking  
  159  8:39  Marauder  
  165  8:44  Marine x2  
  165  8:47  Siege Tank  
  169  8:52  Marauder  
  169  8:55  Marine x2  
  171  8:56  Marauder  
  171  9:00  Marauder  
  175  9:03  Marine  
  175  9:06  Supply Depot  
  175  9:09  Ghost Academy  
  174  9:14  Marauder, Marine  
  174  9:15  Marine x2  
  179  9:18  Marauder  
  179  9:19  Siege Tank  
  179  9:22  Marauder, Supply Depot  
  157  9:25  Marine  
  125  9:32  Marine x3  
  125  9:35  Marauder  
  125  9:36  Medivac x2, Command Center  
  122  9:39  Marauder  
  122  9:43  Terran Infantry Armor Level 1, Marauder, Marine  
  125  9:47  Missile Turret  
  125  9:57  Marauder, Marine  
  125  9:58  Marine x2  
  130  10:00  Marauder  
  130  10:01  Siege Tank  
  130  10:04  Marauder  
  137  10:09  Armory  
  137  10:10  Engineering Bay, Missile Turret  
  137  10:15  Medivac x2  
  137  10:18  Marauder  
  137  10:19  Enhanced Shockwaves, Missile Turret  
  143  10:21  Ghost, Marine x2  
  143  10:22  Marine x2  
  143  10:25  Ghost  
  151  10:38  Siege Tank, Ghost  
  151  10:39  Marine x2  
  158  10:48  Barracks x2  
  158  10:51  Barracks  
  156  10:58  Marauder x2, Marine  
  160  11:07  Marine  
  160  11:08  Marauder, Marine  
  164  11:19  Marauder  
  164  11:25  Marauder, Marine x3  
  157  11:26  Siege Tank, Orbital Command  
  157  11:28  Viking x2  
  157  11:29  Marauder  
  167  11:38  Marine x3  
  170  11:41  Marauder  
  174  11:47  Planetary Fortress, Marauder  
  174  11:51  Marauder, Marine x2  
  179  11:54  SCV  
  179  12:02  Marauder  
  176  12:08  Marauder  
  176  12:12  Siege Tank, Marauder  
  176  12:15  Viking x2  
  172  12:16  Marine  
  172  12:17  Marine  
  174  12:24  Marauder  
  174  12:28  Marine  
  174  12:29  Marine  
  180  12:30  Marauder  
  180  12:34  Marauder  
  182  12:42  Marine x3  
  147  12:45  Marauder  
Show
View Real Time Build Order
Export as new Build Order

Probe Protoss - Winner!

Build Orders: 1 Gate Expand, Blink Stalkers 

Get SALT Encoding   

  12  0:00  Probe  
  13  0:12  Probe  
  14  0:16  Pylon  
  14  0:24  Probe (Chrono Boost)  
  15  0:36  Probe (Chrono Boost), Gateway  
  16  0:44  Probe (Chrono Boost)  
  16  0:45  Assimilator  
  17  0:51  Probe  
  18  1:03  Probe  
  19  1:15  Probe  
  20  1:23  Cybernetics Core  
  20  1:32  Nexus  
  20  1:35  Probe  
  21  1:44  Pylon  
  21  1:47  Probe  
  21  1:51  Assimilator  
  22  1:59  Probe, Adept (Chrono Boost)  
  25  2:09  Shield Battery  
  25  2:11  Probe  
  25  2:15  Warp Gate  
  26  2:23  Probe (Chrono Boost)  
  26  2:29  Adept  
  28  2:35  Probe (Chrono Boost)  
  28  2:36  Twilight Council  
  30  2:44  Probe (Chrono Boost)  
  30  2:46  Probe (Chrono Boost)  
  32  2:53  Probe (Chrono Boost)  
  32  2:54  Probe (Chrono Boost)  
  33  2:58  Probe (Chrono Boost)  
  33  3:02  Probe  
  35  3:10  Robotics Facility, Probe  
  36  3:13  Blink (Chrono Boost)  
  36  3:14  Probe  
  37  3:22  Probe  
  37  3:25  Gateway  
  37  3:26  Probe  
  39  3:30  Gateway  
  39  3:34  Probe  
  39  3:38  Probe  
  41  3:42  Pylon  
  41  3:43  Shield Battery  
  41  3:47  Probe  
  42  3:50  Probe  
  43  3:57  Observer  
  43  3:59  Probe  
  43  4:01  Pylon  
  43  4:02  Probe  
  46  4:03  Stalker  
  48  4:11  Assimilator, Probe  
  48  4:14  Assimilator, Probe  
  50  4:20  Observer  
  50  4:21  Stalker  
  50  4:23  Probe  
  54  4:24  Stalker  
  54  4:26  Probe  
  54  4:29  Pylon  
  57  4:35  Probe  
  57  4:36  Pylon  
  58  4:38  Probe  
  58  4:39  Stalker  
  58  4:42  Observer  
  58  4:44  Pylon  
  62  4:47  Probe  
  62  4:49  Forge  
  62  4:52  Robotics Bay  
  63  4:53  Probe  
  63  4:59  Probe  
  65  5:06  Observer  
  61  5:18  Probe  
  61  5:19  Stalker x3  
  61  5:21  Probe  
  68  5:26  Protoss Ground Weapons Level 1 (Chrono Boost)  
  68  5:33  Probe  
  69  5:44  Nexus  
  69  5:46  Probe x2 (Chrono Boost)  
  71  5:54  Charge  
  72  5:58  Probe (Chrono Boost)  
  72  5:59  Probe (Chrono Boost)  
  72  6:00  Colossus (Chrono Boost)  
  72  6:04  Probe (Chrono Boost)  
  79  6:05  Probe (Chrono Boost)  
  79  6:08  Pylon  
  81  6:12  Probe  
  82  6:20  Sentry, Gateway  
  82  6:21  Gateway  
  82  6:22  Sentry  
  86  6:26  Gateway  
  86  6:38  Pylon, Zealot  
  88  6:44  Gateway  
  88  6:46  Gateway  
  88  6:47  Probe, Pylon, Shield Battery  
  88  6:49  Probe  
  90  6:57  Colossus (Chrono Boost)  
  96  7:04  Probe  
  97  7:09  Sentry  
  97  7:10  Zealot x2  
  97  7:14  Templar Archives  
  97  7:15  Observer  
  103  7:16  Pylon  
  103  7:19  Protoss Ground Armor Level 1  
  101  7:24  Probe x2  
  101  7:26  Pylon, Zealot  
  101  7:27  Zealot x2  
  109  7:40  Zealot x4  
  109  7:42  Warp Prism (Chrono Boost)  
  117  7:46  Probe  
  117  7:49  Probe, Observer  
  121  7:52  Probe  
  121  7:54  High Templar x2  
  121  7:58  Probe  
  127  8:01  Archon  
  127  8:03  Forge, Probe  
  128  8:08  Probe, Photon Cannon  
  128  8:10  Probe  
  128  8:12  Colossus (Chrono Boost)  
  130  8:15  Probe  
  130  8:18  High Templar  
  139  8:20  Probe  
  139  8:22  Probe  
  139  8:23  Assimilator x2  
  139  8:26  Robotics Facility  
  141  8:28  Pylon x2  
  141  8:30  Pylon  
  141  8:35  Probe  
  140  8:46  Shield Battery  
  140  8:47  Zealot x4, Shield Battery  
  140  8:48  Zealot x2  
  152  8:54  High Templar x2  
  154  9:01  Disruptor  
  157  9:04  Archon  
  155  9:10  Zealot x5  
  155  9:13  Pylon  
  155  9:14  Pylon  
  155  9:16  Pylon  
  162  9:22  Zealot  
  136  9:27  Zealot x2  
  136  9:30  Probe  
  136  9:31  Probe  
  106  9:37  Observer  
  106  9:41  Colossus  
  106  9:43  Colossus, Observer  
  118  9:46  Nexus  
  118  9:49  Protoss Ground Weapons Level 2 (Chrono Boost), Protoss Ground Armor Level 2 (Chrono Boost)  
  118  9:52  Pylon  
  118  9:54  Assimilator  
  118  10:01  Zealot x2  
  118  10:05  Observer  
  118  10:06  Probe  
  118  10:07  Probe x2  
  125  10:10  Stalker x2  
  129  10:20  Stalker x3  
  135  10:23  Zealot x2  
  135  10:24  Sentry  
  141  10:33  Stalker x2  
  145  10:37  Observer  
  145  10:38  Probe x2  
  148  10:49  High Templar x2  
  152  10:50  Zealot x4  
  152  10:55  Archon  
  152  10:56  Disruptor  
  157  11:12  Zealot x6  
  157  11:13  Probe  
  157  11:15  Disruptor  
  157  11:26  Extended Thermal Lance  
  157  11:30  Assimilator  
  157  11:32  Assimilator, Disruptor  
  160  11:38  Zealot x3  
  160  11:39  Stalker x2  
  168  11:48  Stalker x2  
  168  11:50  Disruptor  
  173  11:56  Observer  
  173  11:58  Zealot x4  
  181  12:07  Disruptor  
  183  12:11  Zealot x4  
  189  12:22  Zealot x4  
  195  12:29  Probe x2  
  187  12:30  Disruptor  
  187  12:34  Stalker  
  187  12:35  Stalker x3  
Tags
 
Add a new tag
Caveats
  • Supply blocks, unpowered buildings, or Contaminate may cause inaccurate times.
  • Supply counts are checked every 10 seconds.